 Dungeon Crawl Stone Soup version 0.19.1 (webtiles) character file.

93 Gargoyl the Skirmisher (level 4, -20/40 HPs)
             Began as a Ghoul Abyssal Knight on Dec 11, 2016.
             Was a Follower of Lugonu.
             Engulfed by a cloud of flame (30 damage)
             ... on level 2 of the Dungeon.
             The game lasted 00:03:56 (1172 turns).

Gargoyl the Skirmisher (Ghoul Abyssal Knight)       Turns: 1172, Time: 00:03:57

Health: -20/40     AC:  6    Str: 15    XL:     4   Next: 62%
Magic:  4/4        EV:  8    Int:  9    God:    Lugonu [*.....]
Gold:   116        SH:  7    Dex:  9    Spells: 0 memorised, 3 levels left

rFire  . . .     SeeInvis .     a - +1 hand axe
rCold  + . .     Gourm    .     m - +0 ring mail
rNeg   + + +     Faith    .     i - +0 shield
rPois  ∞         Spirit   .     (no helmet)
rElec  .         Reflect  .     (no cloak)
rCorr  .         Harm     .     s - +0 pair of gloves
MR     .....                    (no boots)
Stlth  ..........               d - amulet of regeneration
                                (no ring)
                                n - +2 ring of intelligence

@: rotting
A: rotting body, claws 1, carnivore 3, cold resistance 1, negative energy
resistance 3, slow regeneration 1, torment resistance, unbreathing
a: Depart the Abyss, Renounce Religion


You were on level 2 of the Dungeon.
You worshipped Lugonu.
Lugonu was aware of your devotion.
You were not hungry.

You visited 1 branch of the dungeon, and saw 2 of its levels.
You visited the Abyss 1 time.

You collected 116 gold pieces.

Inventory:

Hand Weapons
 a - a +1 hand axe (weapon)
Armour
 i - a +0 shield (worn)
 m - a +0 ring mail (worn)
 s - a +0 pair of gloves (worn)
Jewellery
 d - an amulet of regeneration (around neck)
 n - a +2 ring of intelligence (left hand)
Wands
 q - a wand of flame (31/48)
Scrolls
 e - 2 scrolls of teleportation
 g - 2 scrolls of magic mapping
 j - 3 scrolls of remove curse
 l - a scroll of fear
Potions
 b - a potion of haste {unknown}
 o - a potion of curing {unknown}
 p - a potion of lignification {unknown}
 t - 2 potions of might
Comestibles
 c - a meat ration
 f - 6 chunks of flesh


   Skills:
 + Level 4.1 Fighting
 + Level 2.5 Axes
 * Level 2.4 Armour
 + Level 1.4 Dodging
 + Level 0.5 Shields
 * Level 2.4 Invocations


You had 3 spell levels left.
You didn't know any spells.

Dungeon Overview and Level Annotations

Branches:
Dungeon (2/15)

Altars:


Innate Abilities, Weirdness & Mutations

Your body is rotting away.
You thrive on raw meat.
You are immune to poison.
You have sharp fingernails.
You are carnivorous and can eat meat at any time.
Your flesh is cold resistant. (rC+)
You are immune to negative energy. (rN+++)
You regenerate slowly when monsters are visible.
You are immune to unholy pain and torment.
You can survive without breathing.


Message History

As you read the scroll labeled WAOTHE EDIFY, it crumbles to dust.
It is a scroll of identify.
u - an uncursed amulet of guardian spirit
As you read the scroll of identify, it crumbles to dust.
t - 2 potions of might You drop an uncursed amulet of guardian spirit.
A bat comes into view.
The bat hits you but does no damage.
As you read the scroll labeled INAMUF YTOD, it crumbles to dust.
The creatures around you are filled with an inner flame!
It was a scroll of immolation.
The bat hits you. You block the bat's attack.
You hit the bat.
The bat explodes!
The fiery explosion engulfs you!
Ouch! That really hurt!
* * * LOW HITPOINT WARNING * * *
Lugonu accepts your kill.
You are engulfed in roaring flames.
Ouch! That really hurt!
You die...

.# .# #########.##.
.......?....
...........
..........
.....§§###.#
#..§.....#
###########.@#######
#
#........##.........
#
#........##...#####.
#
#.................#
#
#........##.#####.#
##########.####...
#..........# #####
#.###...#..#
#.#..".....#


There were no monsters in sight!

Vanquished Creatures
  3 adders (D:2)
  A white imp (Abyss:1)
  2 oozes
  2 dart slugs (D:1)
  3 leopard geckos
  7 bats
  2 giant cockroaches (D:1)
  4 goblins
  4 hobgoblins
  3 jackals (D:1)
  6 kobolds
  A quokka (D:2)
  A frilled lizard (D:2)
  5 rats
44 creatures vanquished.

Notes
Turn   | Place    | Note
-------+----------+-------------------------------------------
     0 | Abyss:1  | Gargoyl the Ghoul Abyssal Knight began the quest for the Orb.
     0 | Abyss:1  | Reached XP level 1. HP: 19/19 MP: 1/1
    82 | Abyss:1  | Reached skill level 1 in Dodging
    82 | Abyss:1  | Reached XP level 2. HP: 11/26 MP: 2/2
    83 | Abyss:1  | Noticed a thrashing horror
    94 | D:1      | Escaped the Abyss
   410 | D:1      | Reached * piety under Lugonu
   491 | D:1      | Reached XP level 3. HP: 26/33 MP: 3/3
   505 | D:1      | Reached skill level 4 in Fighting
   853 | D:2      | Reached XP level 4. HP: 19/40 MP: 4/4
  1172 | D:2      | Engulfed by a cloud of flame

Skill      XL: |  1  2  3 |
---------------+----------+-----
Dodging        | 1 |  1.4
Armour         | 2 |  2.4
Axes           | 2 |  2.5
Fighting       | 4 |  4.1
Shields        | |  0.5
Invocations    | |  2.4

Action                   |  1- 3 |  4- 6 || total
-------------------------+-------+-------++-------
Melee: Hand axe          |    82 |    32 ||   114
Invok: Depart the Abyss  |     1 |       ||     1
  Use: Scroll            |     3 |     5 ||     8
  Eat: Chunk             |     5 |     6 ||    11
Armor: Leather armour    |    18 |       ||    18
       Ring mail         |    22 |    17 ||    39
Dodge: Dodged            |    53 |    20 ||    73
Block: Shield            |    22 |    15 ||    37
